cohdb
Replays
Latest Replays
All Replays
Popular Replays
Top Player Replays
Match Explorer
How It Works
Community
CoH3 Stats
Reddit
Sign in to upload your games and track your stats! →
Sign in with Steam
Match 42954550
Unlisted
Match 42954550
Overview
Messages
Build Orders
End
Kradschützen Motorcycle Team
Panzergrenadier Squad
Panzergrenadier Squad
Panzergrenadier Squad
Construct Light Support Kompanie
2.5-tonne Medical Truck
Fire Support Elements
Flakvierling Half-track
Veteran Squad Leaders
Construct Panzerarmee Kommand
Panzer III L Medium Tank
Selects Armored Support Battlegroup
Selects Superior Fire Drills
Rapid Advance
Emergency Repair Kits
Vehicle Survival Package
Panzer III L Medium Tank
Panzer III L Medium Tank
Tungsten Core Ammunition
Dr Jello
Королева PizdаliSov
김문상
Sanchorus
STALKER4732
ezh
kit.ohume
Devochkin
0
0
Comments
sign in to comment!
No comments posted yet!